 Dungeon Crawl Stone Soup version 0.16.0-16-g311141a (webtiles) character file.

281 valak23 the Ducker (level 6, -4/43 HPs)
             Began as a Vampire Earth Elementalist on Mar 20, 2015.
             Slain by an iguana (7 damage)
             ... on level 4 of the Dungeon.
             The game lasted 00:14:50 (3629 turns).

valak23 the Ducker (Vampire Earth Elementalist)     Turns: 3629, Time: 00:14:50

Health: -4/43      AC:  4    Str:  7    XL:     6   Next: 6%
Magic:  4/11       EV: 14    Int: 19    God:
Gold:   260        SH:  0    Dex: 14    Spells: 2 memorised, 6 levels left

rFire  . . .     SeeInvis +     i - +0 war axe
rCold  + . .     Clarity  .     c - +0 robe
rNeg   . . .     SustAb   .     (no shield)
rPois  .         Gourm    .     j - +0 helmet
rElec  .         Spirit   .     h - +0 cloak
rCorr  .         Warding  .     (no gloves)
rMut   .         Stasis   .     (no boots)
MR     .....                    (no amulet)
Stlth  +++.......               (no ring)
                                m - ring of protection from cold

@: very slightly contaminated, regenerating quickly, not resistant to hostile
enchantments, fairly stealthy
A: bottle blood, fangs 3, see invisible, unbreathing
a: no special abilities


You were on level 4 of the Dungeon.
You were full.

You visited 1 branch of the dungeon, and saw 4 of its levels.

You collected 260 gold pieces.

Inventory:

Hand weapons
 e - a +2 dagger of draining
 g - a +0 hand axe
 i - a +0 war axe (weapon)
 n - a +0 short sword
 p - a +0 short sword of venom
Missiles
 b - 115 stones (quivered)
Armour
 c - a +0 robe (worn)
 h - a +0 cloak (worn)
 j - a +0 helmet (worn)
Jewellery
 m - a ring of protection from cold (left hand)
Magical devices
 a - a wand of flame (29)
Scrolls
 k - 2 scrolls of teleportation
 l - 2 scrolls of magic mapping
 o - a scroll of fog
 q - 2 scrolls of identify
 s - a scroll of blinking {unknown}
 v - a scroll of recharging
Potions
 f - 3 potions of brilliance
 r - a potion of restore abilities
 t - a potion of invisibility {unknown}
 u - a potion of heal wounds {unknown}
Books
 d - a book of Geomancy

   Spells                             Type                      Level
   a - Sandblast                      Earth                        1
   b - Stoneskin                      Transmutation/Earth          2
   c - Passwall                       Transmutation/Earth          3
   d - Stone Arrow                    Conjuration/Earth            3
   e - Petrify                        Transmutation/Earth          4
   f - Lee's Rapid Deconstruction     Earth                        5


   Skills:
 + Level 1.0 Fighting
 + Level 1.5 Axes
 + Level 4.5 Dodging
 - Level 3.6 Stealth
 + Level 2.9 Spellcasting
 + Level 0.2 Conjurations
   Level 1.1 Transmutations
 + Level 4.1 Earth Magic


You had 6 spell levels left.
You knew the following spells:

 Your Spells              Type           Power        Failure   Level  Hunger
a - Sandblast             Erth           ###...       3%          1    None
b - Stone Arrow           Conj/Erth      ##....       21%         3    ###....


Dungeon Overview and Level Annotations

Branches:
Dungeon (4/15)
 Temple: D:4-7

Altars:
Trog
The Shining One


Innate Abilities, Weirdness & Mutations

Your natural rate of healing is unusually fast.
You can bottle blood from corpses.
You have razor-sharp teeth.
You have supernaturally acute eyesight.
You can survive without breathing.


Message History

You are too injured to fight recklessly!
You hit the iguana but do no damage.
The iguana is severely wounded.
The iguana closely misses you. The iguana barely misses you.
You hit the iguana.
The iguana is almost dead.
The iguana bites you.
* * * LOW HITPOINT WARNING * * *
You hit the iguana but do no damage. You bite the iguana, but do no damage.
The iguana is almost dead.
The iguana bites you!
* * * LOW HITPOINT WARNING * * *
The iguana completely misses you.
You hit the iguana but do no damage.
The iguana is almost dead.
The iguana closely misses you.
You closely miss the iguana.
The iguana is almost dead.
The iguana bites you!
You die...

#.#. #.# #.# #.#
#.#.##.# #.# #.###
#.#.##.# #.# #.##§
#.#.#..# #.# #.##§
#.#.#.## #.# #?..#
#.#.#.## #.# ####
#.#..#.###.# ###
#.#l###>##.# #.#
#.@# ##.#.######.#
#.## ##.........#
##.##
##.#####.####
##.###............
#..#)........####
###.########## ###


You could see an iguana.

Vanquished Creatures
  A hound (D:4)
  Natasha (thrice) (D:3)
  An orc wizard (D:4)
  Terence (D:2)
  Robin (D:2)
  2 gnolls
  4 adders
  A shadow imp (D:4)
  A worm (D:2)
  An adder zombie (D:4)
  6 orcs
  A ball python (D:2)
  A bat skeleton (D:4)
  A giant cockroach (D:3)
  14 hobgoblins
  7 jackals (D:2)
  9 bats
  3 giant geckos
  4 giant newts
  14 goblins
  11 kobolds
  9 rats
96 creatures vanquished.

Notes
Turn   | Place    | Note
--------------------------------------------------------------
     0 | D:1      | valak23, the Vampire Earth Elementalist, began the quest for the Orb.
     0 | D:1      | Reached XP level 1. HP: 13/13 MP: 3/3
   202 | D:1      | Reached XP level 2. HP: 4/19 MP: 2/4
   636 | D:1      | Reached XP level 3. HP: 24/24 MP: 6/6
   662 | D:1      | Learned a level 3 spell: Stone Arrow
   950 | D:2      | Noticed Terence
   961 | D:2      | Killed Terence
  1063 | D:2      | Noticed Robin
  1066 | D:2      | Reached skill level 1 in Axes
  1070 | D:2      | Reached XP level 4. HP: 26/30 MP: 0/8
  1079 | D:2      | Killed Robin
  1932 | D:3      | Noticed Natasha
  1939 | D:3      | Killed Natasha
  1939 | D:3      | Reached XP level 5. HP: 27/36 MP: 0/9
  1987 | D:3      | Noticed Natasha
  1991 | D:3      | Killed Natasha
  1991 | D:3      | Reached skill level 4 in Dodging
  1998 | D:3      | Noticed Natasha
  2721 | D:3      | Killed Natasha
  3409 | D:4      | Reached skill level 1 in Fighting
  3415 | D:4      | Found a glowing golden altar of the Shining One.
  3515 | D:4      | Reached XP level 6. HP: 31/43 MP: 9/11
  3530 | D:4      | Found a bloodstained altar of Trog.
  3627 | D:4      | HP: 2/43 [iguana (8)]
  3629 | D:4      | Slain by an iguana

Action                   |  1- 3 |  4- 6 || total
-------------------------+-------+-------++-------
Melee: Hand axe          |    56 |    54 ||   110
       Unarmed           |     2 |       ||     2
       War axe           |       |    65 ||    65
Throw: Stone             |     7 |       ||     7
 Cast: Sandblast         |    19 |     7 ||    26
       Stone Arrow       |     3 |    21 ||    24
 Abil: Bat Form          |     1 |       ||     1
  Use: Scroll            |     3 |     5 ||     8
       Potion            |       |     6 ||     6
 Stab: Sleeping          |     4 |     3 ||     7
  Eat: Corpse            |     7 |    13 ||    20
